 Dungeon Crawl Stone Soup version 0.21.0-26-g889b8f6 (webtiles) character file.

481 pstr the Digger (level 7, -3/50 HPs)
             Began as a Naga Earth Elementalist on Jan 27, 2018.
             Slain by an orc
             ... wielding a +1 flail of protection
              (7 damage)
             ... on level 4 of the Dungeon.
             The game lasted 00:10:15 (5249 turns).

pstr the Digger (Naga Earth Elementalist)           Turns: 5249, Time: 00:10:15

Health: -3/50      AC:  3    Str: 10    XL:     7   Next: 12%
Magic:  1/13       EV: 10    Int: 17    God:
Gold:   144        SH:  0    Dex: 12    Spells: 10/14 levels left

rFire    + . .     SeeInvis +   p - +0 quarterstaff (protect)
rCold    . . .     Gourm    .   (shield currently unavailable)
rNeg     . . .     Faith    .   c - +0 robe
rPois    +         Spirit   .   (no helmet)
rElec    .         Reflect  .   (no cloak)
rCorr    .         Harm     .   (no gloves)
MR       .....                  (no barding)
Stlth    ++........             u - amulet of inaccuracy (curse)
HPRegen  0.16/turn              r - ring of protection from fire
MPRegen  0.13/turn              n - ring of poison resistance

@: short of breath, flying, very slow
A: large, see invisible, deformed body, frail 1, mutation resistance 1, poison
resistance, slowness 2, slow metabolism 1, spit poison 1, AC +2
a: Spit Poison


You were on level 4 of the Dungeon.
You were not hungry.

You visited 1 branch of the dungeon, and saw 4 of its levels.

You collected 144 gold pieces.

Inventory:

Hand Weapons
 j - a +0 dagger
 p - a +0 quarterstaff of protection (weapon)
Missiles
 a - 18 arrows
Armour
 c - a +0 robe (worn)
 m - a +0 leather armour
Jewellery
 n - a ring of poison resistance (right hand)
 r - a ring of protection from fire (left hand)
 u - a cursed amulet of inaccuracy (around neck)
Scrolls
 f - 2 scrolls of magic mapping {unknown}
 i - 3 scrolls of identify {unknown}
 l - 2 scrolls of fear {unknown}
 q - a scroll of teleportation {unknown}
Potions
 h - a potion of berserk rage
 k - 3 potions of flight
 s - a potion of ambrosia {unknown}
Books
 e - a book of Geomancy

   Spells                             Type                      Level
   a - Sandblast                      Earth                        1
   b - Passwall                       Transmutation/Earth          2
   c - Stone Arrow                    Conjuration/Earth            3
   d - Petrify                        Transmutation/Earth          4
   e - Lee's Rapid Deconstruction     Earth                        5
Comestibles
 b - a chunk of flesh
 d - 5 rations


   Skills:
 + Level 0.5 Fighting
 + Level 0.2 Short Blades
 + Level 0.2 Staves
 + Level 1.9 Dodging
 + Level 4.2 Stealth
 + Level 4.2 Spellcasting
 + Level 2.0 Conjurations
   Level 1.0 Transmutations
 + Level 5.5 Earth Magic


You had 10 spell levels left.
You knew the following spells:

 Your Spells              Type           Power        Failure   Level  Hunger
a - Sandblast             Erth           ###...       1%          1    None
b - Stone Arrow           Conj/Erth      ###...       10%         3    ###....


Dungeon Overview and Level Annotations

Branches:
Dungeon (4/15)
 Temple: D:4-7

Altars:
Trog
Uskayaw
The Shining One


Innate Abilities, Weirdness & Mutations

You cannot wear boots.
Your serpentine skin is tough. (AC +2)
You have supernaturally acute eyesight. (SInv)
Armour fits poorly on your strangely shaped body.
Your system is resistant to poisons. (rPois)
You cover ground very slowly.
You have a slow metabolism.
You can spit poison.
You are frail. (-10% HP)
You are somewhat resistant to further mutation.


Message History

You completely miss the orc.
The orc is heavily wounded.
You kill the orc!
The orc hits you with a flail of protection.
* * * LOW HITPOINT WARNING * * *
You have got your breath back.
Press: ? - help, Shift-Dir - straight line, f - orc
Aim: an orc, wielding a flail of protection and wearing a leather armour (heavily wounded)
The splash of poison misses the orc.
You feel slightly more hungry.
The orc hits you with a flail of protection.
* * * LOW HITPOINT WARNING * * *
It was a potion of flight.
You feel very buoyant.
You fly up into the air.
The orc hits you with a flail of protection!
* * * LOW HITPOINT WARNING * * *
It was a potion of mutation.
You feel extremely strange.
You feel genetically stable.
You feel frail.
The orc hits you with a flail of protection!
You die...

....... ......o
######.oo....
#..#o.#
#...#..#
#...#..#
#..##..#
#.)#####
#..)o@.# ..
#..##..#.....
#..##..+......
##+
#..#####......
#..
#..#.........#
##.
###'#.........#
##
#.............#
#
#.............#
#.............#


You could see an orc.

Vanquished Creatures
  The ghost of Agrougrou the Insei, an amateur OpTm (D:3)
  An ogre (D:4)
  A howler monkey (D:4)
  Jessica (D:2)
  An orc wizard (D:4)
  A worker ant (D:3)
  8 adders
  3 worms
  3 dart slugs
  2 leopard geckos
  7 orcs
  7 giant cockroaches
  6 goblins
  5 hobgoblins
  5 jackals
  5 kobolds
  9 bats
  6 frilled lizards
  9 rats
81 creatures vanquished.

Notes
Turn   | Place    | Note
-------+----------+-------------------------------------------
     0 | D:1      | pstr the Naga Earth Elementalist began the quest for the Orb.
     0 | D:1      | Reached XP level 1. HP: 15/15 MP: 3/3
   442 | D:1      | Reached XP level 2. HP: 22/22 MP: 3/5
  1267 | D:2      | Reached XP level 3. HP: 24/28 MP: 3/6
  1272 | D:2      | Learned a level 3 spell: Stone Arrow
  1407 | D:2      | Found a glowing golden altar of the Shining One.
  1420 | D:2      | Reached skill level 4 in Earth Magic
  1717 | D:2      | Noticed Jessica
  1720 | D:2      | Killed Jessica
  1720 | D:2      | Reached XP level 4. HP: 36/36 MP: 1/8
  2545 | D:3      | Reached XP level 5. HP: 42/42 MP: 0/9
  3173 | D:3      | Noticed Agrougrou's ghost (amateur OpTm)
  3191 | D:3      | Killed Agrougrou's ghost
  3191 | D:3      | Reached skill level 1 in Conjurations
  3191 | D:3      | Reached XP level 6. HP: 7/49 MP: 0/11
  3884 | D:3      | Reached skill level 5 in Earth Magic
  4367 | D:4      | Noticed a phantom
  4395 | D:3      | HP: 1/50 [phantom (6)]
  4891 | D:4      | Reached XP level 7. HP: 56/56 MP: 3/13
  4985 | D:4      | Found a bloodstained altar of Trog.
  4986 | D:4      | Found a hide-covered altar of Uskayaw.
  5249 | D:4      | Gained mutation: You are somewhat resistant to further mutation. [potion of mutation]
  5249 | D:4      | Gained mutation: You are frail. (-10% HP) [potion of mutation]
  5249 | D:4      | Slain by an orc

Skill      XL: |  1  2  3  4  5  6  7 |
---------------+----------------------+-----
Earth Magic    | 4 5 |  5.5
Spellcasting   | 3 4 |  4.2
Stealth        | 4 |  4.2
Conjurations   | 1 2 |  2.0
Fighting       | |  0.5
Short Blades   | |  0.2
Staves         | |  0.2
Dodging        | |  1.9
Transmutations | |  1.0

Action                   |  1- 3 |  4- 6 |  7- 9 || total
-------------------------+-------+-------+-------++-------
Melee: Unarmed           |     1 |       |       ||     1
       Dagger            |       |     6 |       ||     6
       Quarterstaff      |       |    10 |     9 ||    19
 Cast: Sandblast         |    35 |    29 |       ||    64
       Stone Arrow       |     7 |    48 |    10 ||    65
 Abil: Spit Poison       |     4 |    18 |     5 ||    27
  Use: Potion            |       |     3 |     2 ||     5
  Eat: Chunk             |     3 |    11 |     1 ||    15
       Ration            |       |     1 |       ||     1
Armor: Robe              |     1 |    12 |     4 ||    17
Dodge: Dodged            |    11 |    15 |    21 ||    47
